Unix NetHack Version 5.0.0-0 post-release - last build May 23 2026 06:08:33 (1c0ff79ee797540d5714e4e18072db0edd9e58ae,branch:main).

Game began 2026-05-23 21:08:08, ended 2026-05-23 23:03:46.

Eymerich, chaotic male elven Priest

        -------------         --------------            ---------------
        |.[.[[..[[..|         |(((<..`.....-#0        ##.........s....|
        |[.[.[)[[[[.-#        |............| ###########|........:@%..-#
        |[[[*[[[[[[.|#        |.............##     ##  #|........%e...|#
        -------------#        |............| #     #   #--|------------#
                     #        ----.-.-----.- #     #   ## ###         ##
                     #          ###          #    ##    ######        #
                     #         #####         #    #          #######  #
                     #        ## #        ######### ------------|--## #
                     #       ##  #       ##      ## |..............## #
                     #-------.---.----   #        # |.............| ###
                     #...............|   #        # |.............|  ##
                      |..............|   #        ##..............|  ##
                      |..............|####          |.............|   #-----
                      |...............#             ---------------   #-...|
                      ----------------                                #|...|
                                                                      #-...|
                                                                       |...|
                                                                       -----

Eymerich the Acolyte         St:13 Dx:13 Co:12 In:10 Wi:20 Ch:8  Chaotic
Dlvl:2  $:271 HP:0(32) Pw:94(98) AC:6  Xp:5 T:1643 

Latest messages:
 You kill the iguana!
 You see here a kobold corpse.
 H - a lock pick.
 You see here a jackal corpse.
 There is a jackal corpse here; eat it? [ynq] (n)
 This jackal corpse is gamey.
 You finish eating the jackal corpse.
 You see here a kobold corpse.
 You hit the floating eye!
 You miss the floating eye.
 You hit the floating eye.
 You are frozen by the floating eye's gaze!
 The iguana bites!
 The iguana bites!
 The iguana bites!
 You can move again.
 You hit the iguana.
 You knock the iguana backward with a forceful blow!
 You feel strong!
 You must have been exercising diligently.
 You feel agile!
 You must have been working on your reflexes.
 You feel tough!
 You must have been leading a healthy life-style.
 You feel more confident in your weapon skills.
 (Tip: use the #enhance command to advance them.)
 You hit the iguana!
 You kill the iguana!
 You miss the floating eye.
 You are frozen by the floating eye's gaze!
 The gecko bites!
 The gecko bites!
 The gecko bites!
 The gecko bites!
 The gecko bites!
 The gecko bites!
 The gecko bites!
 The gecko bites!
 The gecko bites!
 The gecko bites!
 The gecko bites!
 The gecko bites!
 The gecko bites!
 The cave spider bites!
 The gecko bites!
 The cave spider bites!
 The cave spider bites!
 The gecko bites!
 You die...
 Do you want your possessions identified? [ynq] (y)

Inventory:
 Coins    ('$')
  $ - 271 gold pieces
 Weapons  (')')
  z - a +0 arrow
  J - a +0 bow
  a - a blessed +1 mace (weapon in right hand)
 Armor    ('[')
  M - a rusty +0 orcish helm (being worn)
  n - a blessed +0 pair of speed boots (being worn)
  x - a +0 cloak of protection (being worn)
  b - a +0 robe
 Comestibles  ('%')
  e - a clove of garlic
  A - 4 cursed food rations
  f - a sprig of wolfsbane
 Scrolls  ('?')
  k - a scroll of blank paper
  j - a scroll of create monster
  L - a blessed scroll of earth
 Spellbooks  ('+')
  o - a spellbook of healing
  h - a spellbook of light
  g - a spellbook of protection
 Potions  ('!')
  t - a potion of booze
  q - a potion of confusion
  F - a potion of extra healing
  m - a potion of gain energy
  p - a potion of healing
  E - a cursed potion of healing
  d - 4 potions of holy water
 Rings    ('=')
  C - a ring of aggravate monster
 Wands    ('/')
  B - a wand of digging (0:5)
  r - a wand of stasis (0:2)
 Tools    ('(')
  D - a cursed bag of tricks (0:5)
  l - a credit card
  H - a lock pick
  i - a magic marker (0:22)

Eymerich the Priest's attributes:

Background:
 You were an Acolyte, a level 5 elven Priest.
 You were chaotic, nominally on a mission for Kos
 who was opposed by Issek (lawful) and Mog (neutral).
 You were right-handed.
 You were in the Dungeons of Doom, on level 2.
 You entered the dungeon 1643 turns ago.
 It was nighttime.
 You had 227 experience points, 93 more were needed to attain level 6.

Basics:
 You had 0 out of 32 hit points.
 You had 94 out of 98 energy points (spell power).
 Your armor class was 6.
 Your wallet contained 271 zorkmids.
 Autopickup was off.

Final Characteristics:
 Your strength was 13 (limit:18).
 Your dexterity was 13 (limit:18).
 Your constitution was 12 (limit:16).
 Your intelligence was 10 (limit:20).
 Your wisdom was 20 (limit:20).
 Your charisma was 8 (limit:18).

Final Status:
 You weren't hungry.
 You were unencumbered.
 You were wielding a mace.
 You had basic skill with mace and could have enhanced that.

Final Attributes:
 You were devoutly aligned.
 You were sleep resistant.
 You had infravision.
 You were protected.
 You were very fast.
 You are dead.

Miscellaneous:
 You encountered 1 bones level.
 Total elapsed playing time was 30 minutes and 45 seconds.

Major events:
 Turn
    1: Eymerich the chaotic elven Priest entered the dungeon
  493: attained the rank of Acolyte (level 3)
 1097: entered the Gnomish Mines
 1643: killed by a gecko, while frozen by a floating eye's gaze

Spells:
 Name                 Level Category     Fail Retention
 protection             1   clerical       3%  91%-100%
 light                  1   clerical       3%  91%-100%
 healing                1   healing        0%  76%-100%

Skills:
 Fighting Skills
   bare handed combat [Unskilled]
 Weapon Skills
   club               [Unskilled]
   mace               [Basic]
   morning star       [Unskilled]
   flail              [Unskilled]
   hammer             [Unskilled]
   quarterstaff       [Unskilled]
   polearms           [Unskilled]
   spear              [Unskilled]
   trident            [Unskilled]
   lance              [Unskilled]
   bow                [Unskilled]
   sling              [Unskilled]
   crossbow           [Unskilled]
   dart               [Unskilled]
   shuriken           [Unskilled]
   boomerang          [Unskilled]
   unicorn horn       [Unskilled]
 Spellcasting Skills
   healing spells     [Unskilled]
   divination spells  [Unskilled]
   clerical spells    [Basic]

Voluntary challenges:
 Character rerolling was not enabled.
 You were an atheist.
 You never genocided any monsters.
 You never polymorphed an object.
 You never changed form.
 You used no wishes.
Achievements:
 You entered a shop.
 You attained the rank of Acolyte.
 You entered the Gnomish Mines.

 The Dungeons of Doom: levels 1 to 3
    Level 1:
       An altar, a fountain.
    Level 2: "vault" <- You were here.
       An armor shop.
       Final resting place for
          you, killed by a gecko, while frozen by a floating eye's gaze.
    Level 3:
       A potion shop, a sink.
       Stairs down to The Gnomish Mines.
 The Gnomish Mines:
    Level 4:
       A grave.
       Final resting place for
          SpockMan02-Wiz-Hum-Fem-Neu, killed by a crossbow bolt.


Vanquished creatures:
  a ghost
  2 small mimics
  a gnome leader
  a gray ooze
  a floating eye
  2 kittens
  a dwarf
  a kobold leader
  a rothe
  a giant bat
  a wererat
  2 iguanas
 an acid blob
  6 manes
  2 giant rats
  7 gnomes
  a gecko
  4 jackals
  a fox
  2 goblins
  2 sewer rats
  4 grid bugs
  3 bats
  2 lichens
  a kobold zombie
  8 newts
59 creatures vanquished.

No species were genocided or became extinct.

Game over:
                       ----------
                      /          \
                     /    REST    \
                    /      IN      \
                   /     PEACE      \
                  /                  \
                  |     Eymerich     |
                  |      271 Au      |
                  |   killed by a    |
                  |      gecko       |
                  |                  |
                  |                  |
                  |       2026       |
                 *|     *  *  *      | *
        _________)/\\_//(\/(/\)/\//\/|_)_______

Goodbye Eymerich the Priest...

You died in The Dungeons of Doom on dungeon level 2 with 1376 points,
and 271 pieces of gold, after 1643 moves.
You were level 5 with a maximum of 32 hit points when you died.

